 Dungeon Crawl Stone Soup version 0.30-b1-2-g02819fbbbe (webtiles) character file.

Game seed: 3170754607644122586

6649 Alarkh the Destroyer (level 10, 53/71 HPs)
             Began as a Demonspawn Conjurer on May 28, 2023.
             Was a Follower of Uskayaw.
             Got out of the dungeon alive.
             The game lasted 00:19:54 (10134 turns).

Alarkh the Destroyer (Demonspawn Conjurer)         Turns: 10134, Time: 00:19:55

Health: 53/71      AC:  6    Str:  9    XL:     10   Next: 72%
Magic:  20/20      EV: 18    Int: 23    God:    Uskayaw [*.....]
Gold:   371        SH:  0    Dex: 14    Spells: 16/23 levels left

rFire   . . .        u - +2 whip (elec)
rCold   . . .        (no shield)
rNeg    . . .        O - +0 steam dragon scales
rPois   +            (no helmet)
rElec   +            m - +0 cloak
rCorr   .            (no gloves)
SInv    .            (no boots)
Will    .....        C - amulet of faith
Stlth   ++           j - +5 ring of evasion
HPRegen 0.31/turn    r - ring of Zyrunacw {+Blink rElec rPois Dex+3 Slay+3}
MPRegen 0.17/turn

%: faith
@: no status effects
A: powered by death 1, sanguine armour 2, demonic touch 1
a: Renounce Religion, Evoke Blink, Stomp


You escaped.
You worshipped Uskayaw.
Uskayaw was noncommittal.
You visited 3 branches of the dungeon, and saw 11 of its levels.
You also visited: Sewer and Ossuary.

You collected 371 gold pieces.

Inventory:

Hand Weapons
 g - a +0 short sword
 i - a +2 hand axe of freezing
 u - a +2 whip of electrocution (weapon)
 N - the +1 war axe of the Extremely Mad {vamp, *Rage Str+3 SInv}
   (You found it on level 7 of the Dungeon)

   Str:       It affects your strength (+3).
   SInv:      It lets you see invisible.
   *Rage:     It berserks you when you make melee attacks (+20% chance).
Armour
 a - a +0 robe
 m - a +0 cloak (worn)
 O - +0 steam dragon scales (worn)
 P - a +0 pair of gloves
Magical Staves
 o - a staff of fire
Jewellery
 j - a +5 ring of evasion (left hand)
 k - a ring of poison resistance
 r - the ring of Zyrunacw (right hand) {+Blink rElec rPois Dex+3 Slay+3}
   (You found it on level 2 of the Dungeon)

   [ring of poison resistance]

   Dex:       It affects your dexterity (+3).
   Slay:      It affects your accuracy & damage with ranged weapons and melee
   (+3).
   rElec:     It insulates you from electricity.
   rPois:     It protects you from poison.
   +Blink:    It lets you blink.
 C - an amulet of faith (around neck)
 M - a +6 ring of strength
Wands
 p - a wand of mindburst (30)
 y - a wand of paralysis (5)
 E - a wand of light (2)
Scrolls
 d - a scroll of summoning
 f - 3 scrolls of vulnerability
 l - 4 scrolls of noise
 n - 2 scrolls of enchant weapon
 v - a scroll of amnesia {unknown}
 w - 2 scrolls of fog
 G - a scroll of brand weapon
 H - 2 scrolls of immolation
 J - 2 scrolls of poison {unknown}
 Q - a scroll of blinking
Potions
 b - a potion of magic
 c - 6 potions of heal wounds
 e - 7 potions of curing
 h - 3 potions of mutation
 q - 3 potions of haste
 s - a potion of ambrosia
 t - 2 potions of berserk rage
 x - 3 potions of brilliance
 z - 2 potions of flight
 A - a potion of resistance
 B - a potion of degeneration
 D - 3 potions of invisibility
 I - a potion of cancellation
 K - a potion of lignification
 L - 2 potions of attraction


   Skills:
 + Level 3.7 Fighting
 * Level 4.0 Staves
 + Level 2.7 Armour
 + Level 3.5 Dodging
 + Level 3.5 Stealth
 + Level 7.0 Spellcasting
 * Level 11.4 Conjurations
 * Level 7.3 Invocations


You had 16 spell levels left.
You knew the following spells:

 Your Spells              Type           Power      Damage    Failure   Level
a - Searing Ray           Conj           100%       2d8       1%          2
b - Magic Dart            Conj           100%       1d8       1%          1
c - Iskenderun's Mystic   Conj/Tloc      34%        2d8       8%          4

Your spell library contained the following spells:

 Spells                   Type           Power      Damage    Failure   Level
 Kiss of Death            Conj/Necr      100%       2d13      1%          1
 Dazzling Flash           Conj/Hex       68%        N/A       2%          3
 Mephitic Cloud           Conj/Pois/Air  25%        N/A       4%          3
 Slow                     Hex            32%        N/A       8%          1
 Fulminant Prism          Conj/Hex       17%        3d11      8%          4
 Cigotuvi's Dreadful Rot  Necr/Pois/Air  16%        N/A       12%         2
 Ensorcelled Hibernation  Hex/Ice        16%        N/A       12%         2
 Lesser Beckoning         Tloc           16%        N/A       12%         2
 Poisonous Vapours        Pois/Air       16%        N/A       12%         2
 Arcjolt                  Conj/Air       17%        1d27      21%         5
 Confusing Touch          Hex            8%         N/A       22%         3
 Gell's Gravitas          Tloc           8%         N/A       22%         3
 Ignite Poison            Fire/Tmut/Pois 8%         N/A       22%         3
 Spider Form              Tmut/Pois      8%         N/A       22%         3
 Teleport Other           Tloc           8%         N/A       22%         3
 Vampiric Draining        Necr           8%         2d6       22%         3
 Vhi's Electric Charge    Tloc/Air       16%        N/A       22%         3
 Freezing Cloud           Conj/Ice/Air   12%        6-21      41%         5
 Anguish                  Hex/Necr       4%         N/A       58%         4
 Dispel Undead            Necr           8%         3d8       58%         4
 Maxwell's Capacitive Co  Air            4%         ∞         100%        8


Dungeon Overview and Level Annotations

Branches:
Dungeon (8/15)             Temple (1/1) D:6            Lair (2/5) D:8
  Sewer (visited)         Ossuary (visited)
  Swamp: Lair:2-3    Shoals: Lair:2-3     Snake: Lair:2-3    Spider: Lair:2-3

Altars:
Ashenzari
Cheibriados
Dithmenos
Fedhas
Gozag
Hepliaklqana
Kikubaaqudgha
Makhleb
Qazlal
Ru
Sif Muna
Trog
Uskayaw
Vehumet
Wu Jian
Xom
Yredelemnul

Annotations:
D:4 3 runed translucent doors, MoonlitKnight's ghost, amateur MfGl
Lair:1 2 transporters, Eplua's ghost, journeyman DECj


Innate Abilities, Weirdness & Mutations

You regenerate a little health from kills.
When seriously injured, your blood forms thick armour. (AC +0)
Your touch may inflict minor irresistible damage on your foes.


Message History

The centaur warrior closely misses you.
The centaur warrior kicks you but does no damage.
You can now pass through a line of other dancers.
As you read the scroll of fear, it crumbles to dust.
You assume a fearsome visage.
The centaur warrior looks frightened!
You can no longer pass through a line of other dancers.
There is a stone staircase leading up here.
You climb upwards.
There is a stone staircase leading down here.
(D) Dungeon (T) Temple (L) Lair
Where to? (Enter - D:1, ? - help)
There is a stone staircase leading up here.
You climb upwards.
There is a stone staircase leading down here.
There is a stone staircase leading up here.
You climb upwards.
There is a stone staircase leading down here.
There is a stone staircase leading up here.
You climb upwards.
Level annotation: 3 runed translucent doors, MoonlitKnight's ghost, amateur MfGl
There is a stone staircase leading down here.
You open the door.
There is an open door here.
There is an open door here.
There is a stone staircase leading up here.
You climb upwards.
There is a stone staircase leading down here.
There is a stone staircase leading up here.
You climb upwards.
There is a stone staircase leading down here.
There is a stone staircase leading up here.
You climb upwards.
There is a stone staircase leading down here.
(D) Dungeon (T) Temple (L) Lair
Where to? (Enter - D:1, ? - help)
Okay, then.
Your blood armour dries and flakes away.
There is a staircase leading out of the dungeon here.
Are you sure you want to leave the Dungeon?
This will make you lose the game!
You have escaped!

.......#####(.......##.......##.÷
.......'...#..###.###.........#..
.......###.##.#....##....♣....#..
.....).'.#.###...##...........#.#
.......#.#.# #########.......##.#
.......#.#.####...######...####.#
.......#...##.......## ###.####..
####...#..##.........# ###...###
#...#..##....@....####.....).#
#####...#..........##.........
#.....##.......##......♣....
#...#.####...######.........
#...+.# ##### ##.......# #...###
###...### #...# ##### #...####
#......#


There were no monsters in sight!

Vanquished Creatures
  Maggie (D:7)
  4 cane toads (Lair:1)
  2 komodo dragons (Lair:1)
  A troll (D:7)
  A polar bear (Lair:1)
  A slime creature (D:8)
  Sigmund (D:2)
  A wyvern (D:7)
  A basilisk (Lair:1)
  2 yaks (D:8)
  A steam dragon (D:7)
  2 water moccasins
  A sky beast (D:7)
  2 ice beasts (D:5)
  2 black bears (D:6)
  An ogre (D:7)
  A centaur (D:8)
  3 phantoms
  2 kobold brigands
  11 scorpions
  5 wights (D:7)
  An electric eel (D:8)
  2 howler monkeys (D:8)
  A jelly (D:6)
  A human zombie (Ossuary)
  2 centaur zombies (Ossuary)
  A gnoll bouda (D:8)
  An orc priest (D:6)
  6 hounds
  A sleepcap (D:7)
  An iguana (D:6)
  Jessica (D:2)
  8 scorpion zombies (Ossuary)
  3 orc wizards
  A hell rat (Sewer)
  4 mummies
  10 gnolls
  8 adders
  4 river rats (Sewer)
  2 shadow imps
  2 white imps (D:6)
  A worm (D:3)
  A dart slug (D:1)
  10 orcs
  10 endoplasms
  3 giant cockroaches (D:6)
  9 goblins
  3 hobgoblins
  4 quokkas
  3 ball pythons
  6 bats
  2 frilled lizards
  4 goblin zombies
  16 kobolds
  A kobold zombie (Ossuary)
  2 orc zombies (Ossuary)
  15 rats
196 creatures vanquished.

Vanquished Creatures (others)
  12 plants
12 creatures vanquished.

Grand Total: 208 creatures vanquished

Notes
Turn   | Place    | Note
-------+----------+-------------------------------------------
     0 | D:1      | Alarkh the Demonspawn Conjurer began the quest for the Orb.
     0 | D:1      | Reached XP level 1. HP: 13/13 MP: 3/3
   176 | D:1      | Gained mutation: You regenerate a little health from kills.
                  | [demonic ancestry]
   176 | D:1      | Reached XP level 2. HP: 19/19 MP: 3/5
   684 | D:2      | Noticed Sigmund
  1038 | D:3      | Reached XP level 3. HP: 24/24 MP: 4/6
  1145 | D:2      | Noticed Jessica
  1147 | D:2      | Killed Jessica
  1148 | D:2      | Reached skill level 5 in Conjurations
  1234 | D:2      | Learned a level 2 spell: Searing Ray
  1421 | D:2      | Reached XP level 4. HP: 30/30 MP: 4/8
  1711 | D:2      | Identified the ring of Zyrunacw {+Blink rElec rPois Dex+3
                  | Slay+3}
  2546 | D:2      | Killed Sigmund
  2547 | D:2      | Reached skill level 6 in Conjurations
  2547 | D:2      | Reached XP level 5. HP: 35/35 MP: 2/10
  3265 | D:4      | Reached XP level 6. HP: 41/41 MP: 11/11
  3502 | D:4      | Found a runed translucent gate.
  3502 | D:4      | Noticed MoonlitKnight's ghost (amateur MfGl)
  3503 | D:4      | Found a runed translucent gate.
  3503 | D:4      | Found a runed translucent gate.
  3503 | D:4      | Identified the +2 short sword "Ytusef" {heavy, rN+ Dex+3}
  3503 | D:4      | Identified the +0 chain mail of Fedhas's Fury {rElec rCorr
                  | Dex-4}
  3504 | D:4      | Noticed an orc warrior
  4081 | D:4      | Reached skill level 7 in Conjurations
  4177 | D:4      | Found a snail-covered altar of Cheibriados.
  4495 | D:5      | Entered Level 5 of the Dungeon
  4537 | D:5      | Found a hazy altar of Hepliaklqana.
  4663 | D:5      | Reached XP level 7. HP: 40/46 MP: 3/13
  4898 | D:5      | Reached skill level 8 in Conjurations
  5113 | D:5      | Reached skill level 5 in Spellcasting
  5192 | D:5      | Gained mutation: Your touch may inflict minor irresistible
                  | damage on your foes. [demonic ancestry]
  5192 | D:5      | Reached XP level 8. HP: 52/52 MP: 5/15
  5465 | D:6      | Found a staircase to the Ecumenical Temple.
  5472 | D:6      | Reached skill level 9 in Conjurations
  5484 | Temple   | Entered the Ecumenical Temple
  5585 | Temple   | Became a worshipper of Uskayaw the Reveller
  5620 | D:6      | Found a sand-covered staircase.
  5622 | D:6      | Reached * piety under Uskayaw
  5626 | Ossuary  | Entered an ossuary
  5639 | Ossuary  | Reached ** piety under Uskayaw
  5687 | Ossuary  | Reached *** piety under Uskayaw
  5695 | Ossuary  | Reached **** piety under Uskayaw
  5714 | Ossuary  | Reached ***** piety under Uskayaw
  5796 | Ossuary  | Reached skill level 10 in Conjurations
  5797 | Ossuary  | Reached skill level 1 in Invocations
  5848 | Ossuary  | Reached skill level 1 in Fighting
  5851 | Ossuary  | Gained mutation: When seriously injured, your blood forms
                  | armour. (AC +0) [demonic ancestry]
  5851 | Ossuary  | Reached XP level 9. HP: 59/59 MP: 2/18
  6016 | D:6      | Found a glowing drain.
  6022 | Sewer    | Entered a sewer
  6445 | D:6      | Found a broken altar of Ashenzari.
  6639 | D:6      | Learned a level 4 spell: Iskenderun's Mystic Blast
  7360 | D:7      | Noticed a troll
  7363 | D:7      | Reached skill level 1 in Staves
  7370 | D:7      | HP: 3/61 [troll (11)]
  7376 | D:7      | Killed a troll
  7569 | D:7      | Identified the +1 war axe of the Extremely Mad {vamp, *Rage
                  | Str+3 SInv}
  7591 | D:7      | Reached skill level 1 in Armour
  7623 | D:7      | Reached skill level 5 in Invocations
  7809 | D:7      | Noticed Maggie
  7821 | D:7      | Killed Maggie
  8061 | D:7      | Gained mutation: When seriously injured, your blood forms
                  | thick armour. (AC +0) [demonic ancestry]
  8061 | D:7      | Reached XP level 10. HP: 68/69 MP: 8/19
  8270 | D:8      | Found a sacrificial altar of Ru.
  8394 | D:8      | Reached skill level 11 in Conjurations
  8408 | D:8      | Found an ancient bone altar of Kikubaaqudgha.
  8548 | D:8      | Found a staircase to the Lair.
  8617 | D:8      | Noticed a six-headed hydra
  8632 | Lair:1   | Entered Level 1 of the Lair of Beasts
  8632 | Lair:1   | Noticed a moth of wrath
  8632 | Lair:1   | Found a transporter.
  8632 | Lair:1   | Found a transporter.
  8761 | Lair:1   | Noticed a spriggan rider
  8952 | Lair:1   | Found a bloodstained altar of Trog.
  9028 | Lair:1   | Noticed a cane toad
  9047 | Lair:1   | Killed a cane toad
  9116 | Lair:1   | Noticed a cane toad
  9133 | Lair:1   | Killed a cane toad
  9269 | Lair:1   | Noticed a cane toad
  9284 | Lair:1   | Killed a cane toad
  9494 | Lair:1   | Noticed a cane toad
  9502 | Lair:1   | Killed a cane toad
  9815 | Lair:1   | Noticed Eplua's ghost (journeyman DECj)
  9999 | D:8      | Noticed a centaur warrior
 10134 | D:$      | Got out of the dungeon alive.

Illustrated notes

Levels and vault maps discovered:
D:1:      dpeg_arrival_three_same_balls, layout_basic
D:2:      layout_basic, uniq_jessica, uniq_sigmund
D:3:      layout_basic
D:4:      layout_loops_corners, nicolae_overflow_hidden_temple,
          biasface_ghost_orc_armoury, roderic_malta_cross, nicolae_grassy_gnolls
D:5:      layout_cave_pools, nicolae_hepliaklqana_hazy_memory
D:6:      layout_rooms, mainiacjoe_overflow_cross_hatched,
          minmay_temple_entry_mini_moons, gup_sewer_entry_bubbles,
          serial_co_window_serial, co_window_paths_a, co_window_paths_a,
          co_window_paths_b, co_window_paths_a, co_window_corner_a,
          co_window_of_opportunity_b, co_window_corner_cb, co_window_broadway_a,
          co_window_of_opportunity_b, co_window_broadway_a, co_window_corner_cb,
          co_window_unsneaky_path_c, glass_columns_b, glass_columns_b,
          glass_columns_b, nicolae_ossuary_entry_giza,
          kennysheep_generic_room_15
D:7:      layout_rooms, mainiacjoe_overflow_concentric_impassable, uniq_maggie
D:8:      minmay_cut_squares, layout_basic, lemuel_doored_altar,
          lemuel_tele_altar, dpeg_oklobed_lair, minivault_4
Temple:   eino_temple_lava
Lair:1:   layout_cave_pods, gammafunk_ghost_wrathful_warriors,
          columned_hall_lemuel
Lair:2:   layout_gridlike, swamp_mist, spider_nest_entry_rubble,
          gauntlet_entry_generic, nicolae_lair_lil_pond, uniq_urug

Skill      XL: |  1  2  3  4  5  6  7  8  9 10 |
---------------+-------------------------------+-----
Conjurations   | 5 6 7 8 10 11 | 11.4
Spellcasting   | 3 4 5 6 7 |  7.0
Invocations    | 2 5 7 |  7.3
Fighting       | 1 2 3 |  3.7
Dodging        | 2 3 |  3.5
Staves         | 2 4 |  4.0
Stealth        | 2 3 |  3.5
Armour         | 1 2 |  2.7

Action                     |  1- 3 |  4- 6 |  7- 9 | 10-12 || total
---------------------------+-------+-------+-------+-------++-------
  Melee: Short sword       |     7 |       |       |       ||     7
         Punch             |     1 |     1 |     1 |       ||     3
         Hand axe          |    10 |     4 |       |       ||    14
         Whip              |       |    12 |   102 |    16 ||   130
         Touch             |       |       |    12 |     5 ||    17
   Cast: Magic Dart        |    59 |     7 |     8 |     2 ||    76
         Searing Ray       |     5 |    29 |    66 |    22 ||   122
         Iskenderun's Myst |       |       |     1 |     3 ||     4
    Use: Scroll            |     2 |     3 |    13 |     7 ||    25
         Potion            |       |       |       |     1 ||     1
   Stab: Sleeping          |       |     1 |     1 |       ||     2
         Paralysed         |       |       |     8 |     1 ||     9
         Distracted        |       |       |     1 |       ||     1
 Armour: Robe              |     3 |     4 |    26 |       ||    33
         Steam dragon scal |       |       |     1 |    16 ||    17
  Dodge: Dodged            |    10 |    24 |   188 |    37 ||   259
